 Dungeon Crawl Stone Soup version 0.29.1-12-g30fa7ad0bf (webtiles) character file.

Game seed: 12817872134553274113

20 FexLirch the Sneak (level 2, -1/13 HPs)
             Began as a Vine Stalker Enchanter on Jan 10, 2023.
             Slain by a gnoll
             ... wielding a +2 flail of pain
              (7 damage)
             ... on level 1 of the Dungeon.
             The game lasted 00:00:47 (572 turns).

FexLirch the Sneak (Vine Stalker Enchanter)          Turns: 572, Time: 00:00:47

Health: -1/13      AC:  2    Str: 10    XL:     2   Next: 79%
Magic:  0/6        EV: 16    Int: 15    God:
Gold:   25         SH:  0    Dex: 14    Spells: 5/5 levels left

rFire   . . .      SeeInvis .   a - +1 dagger
rCold   . . .      Faith    .   (no shield)
rNeg    . . .      Spirit   +   b - +0 robe
rPois   .          Reflect  .   (no helmet)
rElec   .          Harm     .   (no cloak)
rCorr   .          Rampage  .   (no gloves)
Will    .....                   (no boots)
Stlth   +++.......              (no amulet)
HPRegen 0.04/turn               e - +4 ring of evasion
MPRegen 0.10/turn               (no ring)

@: no status effects
A: fangs 2, magic shield, antimagic bite, no potion heal 2
a: no special abilities


You were on level 1 of the Dungeon.
You visited 1 branch of the dungeon, and saw 1 of its levels.

You collected 25 gold pieces.

Inventory:

Hand Weapons
 a - a +1 dagger (weapon)
Armour
 b - a +0 robe (worn)
Jewellery
 e - a +4 ring of evasion (left hand)
 f - a +6 ring of intelligence
Scrolls
 g - a scroll of identify {unknown}
Potions
 c - 2 potions of invisibility
 d - a potion of might {unknown}


   Skills:
 + Level 1.3 Short Blades
 - Level 1.5 Dodging
 + Level 4.0 Stealth
 - Level 2.1 Spellcasting
 + Level 3.2 Hexes
 + Level 1.0 Ice Magic


You had 5 spell levels left.
You didn't know any spells.
Your spell library contained the following spells:

 Spells                   Type           Power      Damage    Failure   Level
 Ensorcelled Hibernation  Hex/Ice        16%        N/A       14%         2
 Confusing Touch          Hex            11%        N/A       17%         3
 Tukima's Dance           Hex            11%        N/A       17%         3
 Dazzling Flash           Conj/Hex       12%        N/A       34%         3


Dungeon Overview and Level Annotations

Branches:
Dungeon (1/15)

Altars:


Innate Abilities, Weirdness & Mutations

You have extremely sharp teeth.
When hurt, damage is shared between your health and your magic reserves.
Your bite disrupts and absorbs the magic of your enemies.
Potions cannot restore your health.


Message History

A gnoll and a bat come into view.
The gnoll is wielding a +2 flail of pain.
There are monsters nearby!
The gnoll shouts!
You hear a shout!
The ball python misses you. The ball python barely misses you.
There are monsters nearby!
You hit the ball python. You bite the ball python.
You kill the ball python!
A hobgoblin comes into view.
Your Ice Magic skill increases to level 1!
There are monsters nearby!
The bat hits you.
You see here a fizzy golden potion.
There are monsters nearby!
You hit the bat but do no damage. Your bite misses the bat. The bat misses you.
There are monsters nearby!
You hit the bat.
You kill the bat!
There are monsters nearby!
There are monsters nearby!
You closely miss the gnoll. Your bite misses the gnoll.
There are monsters nearby!
You hit the gnoll. Your bite misses the gnoll.
The gnoll is moderately wounded.
The gnoll hits you with a +2 flail of pain!
There are monsters nearby!
You are too injured to fight recklessly!
Nothing quivered!
You don't know any spells.
Sorry, you're not good enough to have a special ability.
Unknown command.
Unknown command.
The gnoll misses you. The gnoll attacks as you move away!
The gnoll closely misses you. The hobgoblin hits you.
You hit the gnoll.
The gnoll is moderately wounded.
The gnoll hits you with a +2 flail of pain!
Ouch! That really hurt!
You die...

##......##
####.#[# #.#.#
#.#.# #.#.#
#.#.# #.#.#
###.#######
#####@.......
##....g#......
##.....g.......
#.....!........
#.....†.......≈
#..............
#!....[........
#............!.
##.............


You could see a gnoll and a hobgoblin.

Vanquished Creatures
  An endoplasm (D:1)
  5 goblins (D:1)
  A hobgoblin (D:1)
  4 kobolds (D:1)
  A ball python (D:1)
  3 bats (D:1)
  3 rats (D:1)
18 creatures vanquished.

Notes
Turn   | Place    | Note
-------+----------+-------------------------------------------
     0 | D:1      | FexLirch the Vine Stalker Enchanter began the quest for the
                  | Orb.
     0 | D:1      | Reached XP level 1. HP: 9/9 MP: 4/4
    63 | D:1      | Reached skill level 1 in Short Blades
   135 | D:1      | Reached XP level 2. HP: 8/13 MP: 6/6
   498 | D:1      | Reached skill level 4 in Stealth
   563 | D:1      | Reached skill level 1 in Ice Magic
   572 | D:1      | Slain by a gnoll

Illustrated notes

Levels and vault maps discovered:
D:1:      lemuel_arrival_tunnels, layout_rooms, minmay_crystal_water,
          chequers_serial_rivers_micro_e

Skill      XL: |  1  2 |
---------------+-------+-----
Short Blades   | 1 |  1.3
Stealth        | 4 |  4.0
Ice Magic      | 1 |  1.0
Dodging        | |  1.5
Spellcasting   | |  2.1
Hexes          | |  3.2

Action                   || total
-------------------------++-------
Melee: Dagger            ||    45
       Bite              ||    11
 Stab: Sleeping          ||     3
Armor: Robe              ||    13
Dodge: Dodged            ||    23
